AAA EAST
WORCESTER RED SOX @ NORFOLK TIDES
06/08/2042
 
TOP OF THE 1ST
Worcester Red Sox batting - Pitching for Norfolk Tides : RHP Jorge Arguelles
Pitching: RHP Jorge Arguelles
Batting: LHB Doug Rush 0-0: Foul Ball, location: 9LSFF
0-1: Ball
1-1: Foul Ball, location: 7LMF
1-2: Foul Ball, location: 9LMF
1-2: Ball
2-2: Foul Ball, location: 3F
2-2: Ground out U3 (Groundball, 3L, EV 106.9 MPH)
Batting: LHB José Maestas 0-0: Ball
1-0: Called Strike
1-1: Ball
2-1: Ball
3-1: Base on Balls
Batting: LHB Ron Palma 0-0: Called Strike
José Maestas is caught stealing 2nd base 2-6
0-1: Foul Ball, location: 3DF
0-2: TRIPLE (Line Drive, 89XD, EV 109.4 MPH)
Batting: LHB Pete Holmes 0-0: Ball
1-0: Fly out, F7 (Flyball, 7D, EV 106.9 MPH)
Top of the 1st over - 0 runs, 1 hit, 0 errors, 1 left on base; Worcester 0 - Norfolk 0
BOTTOM OF THE 1ST
Norfolk Tides batting - Pitching for Worcester Red Sox : LHP Erik Guy
Pitching: LHP Erik Guy
Batting: RHB Víctor Vera 0-0: Ball
1-0: Swinging Strike
1-1: Ground out 4-3 (Groundball, 4, EV 108.1 MPH)
Batting: RHB Chuck Lee 0-0: Foul Ball, location: 9LMF
0-1: Foul Ball, location: 9LDF
0-2: Ball
1-2: Ball
2-2: Ball
3-2: Foul Ball, location: 9LSF
3-2: Foul Ball, location: 5F
3-2: DOUBLE (Line Drive, 89XD, EV 108.8 MPH)
Batting: RHB Tommy Reyna 0-0: Ball
1-0: Ball
2-0: Fly out, F9 (Flyball, 89S, EV 86.9 MPH)
Batting: RHB Jerry Powell 0-0: Ball
1-0: Foul Ball, location: 2F
1-1: Ball
2-1: Ball
3-1: Called Strike
3-2: Base on Balls
Batting: RHB Conor Corbet 0-0: SINGLE (Groundball, P, EV 79.4 MPH) (infield hit)
Chuck Lee to third
Jerry Powell to second
Batting: LHB Cristo Guerrero 0-0: Ball
1-0: Called Strike
1-1: Ball
2-1: Ground out U3 (Groundball, 3, EV 83.8 MPH)
Bottom of the 1st over - 0 runs, 2 hits, 0 errors, 3 left on base; Worcester 0 - Norfolk 0
TOP OF THE 2ND
Worcester Red Sox batting - Pitching for Norfolk Tides : RHP Jorge Arguelles
Batting: LHB Bobby Dotson 0-0: Swinging Strike
0-1: Ball
1-1: Ground out 6-3 (Groundball, 6M, EV 80.0 MPH)
Batting: RHB Ánibal Rentería 0-0: Ground out 6-3 (Groundball, 6, EV 99.4 MPH)
Batting: LHB Roger Lenoir 0-0: Ball
1-0: Called Strike
1-1: SINGLE (Line Drive, 7S, EV 92.5 MPH)
Batting: SHB Tony Robles 0-0: DOUBLE (Line Drive, 9LM, EV 110.6 MPH)
Roger Lenoir to third
Batting: LHB Jim Unknown 0-0: Swinging Strike
0-1: Ground out 6-3 (Groundball, 6, EV 87.5 MPH)
Top of the 2nd over - 0 runs, 2 hits, 0 errors, 2 left on base; Worcester 0 - Norfolk 0
BOTTOM OF THE 2ND
Norfolk Tides batting - Pitching for Worcester Red Sox : LHP Erik Guy
Batting: SHB Jorge Rodríguez 0-0: Foul Ball, location: 7LDF
0-1: Ball
1-1: Ball
2-1: Foul Ball, location: 9LDF
2-2: Foul Ball, location: 2F
2-2: Ball
3-2: Foul Ball, location: 2F
3-2: SINGLE (Groundball, 34S, EV 73.8 MPH) (infield hit)
Batting: RHB Lionardo Falder 0-0: Called Strike
0-1: Foul Ball, location: 9LDF
0-2: Ball
1-2: Foul Ball, location: 5F
1-2: Foul Ball, location: 2F
1-2: Fly out, F8 (Flyball, 8RM, EV 91.9 MPH)
Batting: LHB Dave Graham 0-0: Foul Ball, location: 2F
0-1: Grounds into double play, 4-6-3 (Groundball, 34S, EV 80.0 MPH)
Bottom of the 2nd over - 0 runs, 1 hit, 0 errors, 0 left on base; Worcester 0 - Norfolk 0
TOP OF THE 3RD
Worcester Red Sox batting - Pitching for Norfolk Tides : RHP Jorge Arguelles
Batting: LHB Doug Rush 0-0: Ball
1-0: Ball
2-0: Foul Ball, location: 2F
2-1: Called Strike
2-2: Ball
3-2: Ground out 4-3 (Groundball, 4, EV 80.6 MPH)
Batting: LHB José Maestas 0-0: Foul Ball, location: 7LSFF
0-1: Ball
1-1: Ground out 6-3 (Groundball, 6M, EV 85.0 MPH)
Batting: LHB Ron Palma 0-0: Called Strike
0-1: Ball
1-1: Swinging Strike
1-2: Fly out, F5 (Popup, 5F, EV 67.5 MPH)
Top of the 3rd over - 0 runs, 0 hits, 0 errors, 0 left on base; Worcester 0 - Norfolk 0
BOTTOM OF THE 3RD
Norfolk Tides batting - Pitching for Worcester Red Sox : LHP Erik Guy
Batting: RHB Víctor Vera 0-0: Swinging Strike
0-1: Ball
1-1: Ground out 5-3 (Groundball, 56S, EV 70.6 MPH)
Batting: RHB Chuck Lee 0-0: Ball
1-0: Ball
2-0: Called Strike
2-1: Foul Ball, location: 9LDF
2-2: Strikes out looking
Batting: RHB Tommy Reyna 0-0: Foul Ball, location: 5FF
0-1: Ball
1-1: Fly out, F8 (Flyball, 8LXD, EV 84.4 MPH)
Bottom of the 3rd over - 0 runs, 0 hits, 0 errors, 0 left on base; Worcester 0 - Norfolk 0
TOP OF THE 4TH
Worcester Red Sox batting - Pitching for Norfolk Tides : RHP Jorge Arguelles
Batting: LHB Pete Holmes 0-0: Called Strike
0-1: Ball
1-1: SINGLE (Groundball, 4MD, EV 106.9 MPH)
Batting: LHB Bobby Dotson 0-0: Fly out, F9 (Flyball, 9, EV 90.0 MPH)
Batting: RHB Ánibal Rentería 0-0: Ball
1-0: Ball
2-0: Ball
3-0: Called Strike
3-1: Called Strike
3-2: Foul Ball, location: 9LMF
3-2: Base on Balls
Pete Holmes to second
Batting: LHB Roger Lenoir 0-0: Fielders Choice at 2nd, 3-6 (Groundball, 3, EV 85.0 MPH)
Pete Holmes to third
Batting: SHB Tony Robles 0-0: SINGLE (Groundball, 34D, EV 95.6 MPH)
Pete Holmes scores
Roger Lenoir to second
Runner from 2nd tries for 3rd, SAFE, throw by RF made to third
Batting: LHB Jim Unknown 0-0: Swinging Strike
0-1: Called Strike
0-2: Ball
1-2: Strikes out looking
Top of the 4th over - 1 run, 2 hits, 0 errors, 2 left on base; Worcester 1 - Norfolk 0
BOTTOM OF THE 4TH
Norfolk Tides batting - Pitching for Worcester Red Sox : LHP Erik Guy
Batting: RHB Jerry Powell 0-0: Reached on error, E4 (Groundball, 4, EV 102.5 MPH)
Batting: RHB Conor Corbet 0-0: Foul Ball, location: 2F
0-1: Foul Ball, location: 9LMF
0-2: Ball
1-2: Foul Ball, location: 2F
1-2: Ball
2-2: Fly out, F7 (Flyball, 78S, EV 91.3 MPH)
Batting: LHB Cristo Guerrero 0-0: Ball
1-0: Ball
2-0: Swinging Strike
2-1: Swinging Strike
2-2: Strikes out looking
Batting: SHB Jorge Rodríguez 0-0: Foul Ball, location: 2F
0-1: Ball
1-1: Ball
2-1: Foul Ball, location: 2F
2-2: Fly out, F7 (Flyball, 78M, EV 95.6 MPH)
Bottom of the 4th over - 0 runs, 0 hits, 1 error, 1 left on base; Worcester 1 - Norfolk 0
TOP OF THE 5TH
Worcester Red Sox batting - Pitching for Norfolk Tides : RHP Jorge Arguelles
Batting: LHB Doug Rush 0-0: SINGLE (Groundball, 6M, EV 105.0 MPH) (infield hit)
Batting: LHB José Maestas 0-0: Ball
Doug Rush steals 2nd base
1-0: Called Strike
1-1: Swinging Strike
1-2: Strikes out swinging
Batting: LHB Ron Palma 0-0: Ball
1-0: Ball
2-0: Called Strike
2-1: SINGLE (Line Drive, 78S, EV 105.6 MPH)
Doug Rush to third
Batting: LHB Pete Holmes 0-0: Ball
1-0: Called Strike
1-1: Ball
2-1: Ball
3-1: Called Strike
3-2: SINGLE (Line Drive, 6MD, EV 102.5 MPH)
Doug Rush scores
Ron Palma to second
Batting: LHB Bobby Dotson 0-0: DOUBLE (Line Drive, 9LM, EV 90.6 MPH)
Ron Palma scores
Pete Holmes to third
Runner from 3rd tries for Home, throw by RF and OUT! 9-4-2
Batting: RHB Ánibal Rentería 0-0: Foul Ball, location: 7LDF
0-1: Ball
1-1: Ground out 5-3 (Groundball, 56, EV 109.4 MPH)
Top of the 5th over - 2 runs, 4 hits, 0 errors, 1 left on base; Worcester 3 - Norfolk 0
BOTTOM OF THE 5TH
Norfolk Tides batting - Pitching for Worcester Red Sox : LHP Erik Guy
Batting: RHB Lionardo Falder 0-0: Called Strike
0-1: Called Strike
0-2: Ball
1-2: Ball
2-2: Fly out, F7 (Flyball, 7, EV 87.5 MPH)
Batting: LHB Dave Graham 0-0: Ground out U3 (Groundball, 3S, EV 83.8 MPH)
Batting: RHB Víctor Vera 0-0: Ball
1-0: Ball
2-0: Foul Ball, location: 9LSF
2-1: SINGLE (Line Drive, 7S, EV 101.9 MPH)
Batting: RHB Chuck Lee 0-0: Called Strike
0-1: Ball
1-1: Foul Ball, location: 2F
1-2: Fly out, F8 (Flyball, 8LXD, EV 107.5 MPH)
Bottom of the 5th over - 0 runs, 1 hit, 0 errors, 1 left on base; Worcester 3 - Norfolk 0
TOP OF THE 6TH
Worcester Red Sox batting - Pitching for Norfolk Tides : RHP Jorge Arguelles
Batting: LHB Roger Lenoir 0-0: Ball
1-0: Foul Ball, location: 2F
1-1: Ground out U3 (Groundball, 34, EV 97.5 MPH)
Batting: SHB Tony Robles 0-0: Ball
1-0: Fly out, F4 (Line Drive, 4, EV 66.9 MPH)
Batting: LHB Jim Unknown 0-0: Called Strike
0-1: Ball
1-1: Fly out, F9 (Flyball, 9LSF, EV 92.5 MPH)
Top of the 6th over - 0 runs, 0 hits, 0 errors, 0 left on base; Worcester 3 - Norfolk 0
BOTTOM OF THE 6TH
Norfolk Tides batting - Pitching for Worcester Red Sox : LHP Erik Guy
Batting: RHB Tommy Reyna 0-0: Ball
1-0: Called Strike
1-1: Called Strike
1-2: Foul Ball, location: 2F
1-2: Ground out 5-3 (Groundball, 56, EV 86.9 MPH)
Batting: RHB Jerry Powell 0-0: Called Strike
0-1: Foul Ball, location: 7LSFF
0-2: Strikes out looking
Batting: RHB Conor Corbet 0-0: Ball
1-0: Foul Ball, location: 25FF
1-1: Ball
2-1: Ball
3-1: Swinging Strike
3-2: Foul Ball, location: 7LMF
3-2: Strikes out looking
Bottom of the 6th over - 0 runs, 0 hits, 0 errors, 0 left on base; Worcester 3 - Norfolk 0
TOP OF THE 7TH
Worcester Red Sox batting - Pitching for Norfolk Tides : RHP Jorge Arguelles
Batting: LHB Doug Rush 0-0: Ball
1-0: Foul Ball, location: 2F
1-1: Ball
2-1: Fly out, F4 (Line Drive, 4, EV 63.1 MPH)
Batting: LHB José Maestas 0-0: Called Strike
0-1: Ball
1-1: Foul Ball, location: 23F
1-2: Strikes out swinging
Batting: LHB Ron Palma 0-0: Foul Ball, location: 7LMFF
0-1: Ball
1-1: Ball
2-1: Swinging Strike
2-2: Ball
3-2: Strikes out swinging
Top of the 7th over - 0 runs, 0 hits, 0 errors, 0 left on base; Worcester 3 - Norfolk 0
BOTTOM OF THE 7TH
Norfolk Tides batting - Pitching for Worcester Red Sox : LHP Erik Guy
Batting: LHB Cristo Guerrero 0-0: Ball
1-0: Foul Ball, location: 2F
1-1: Ball
2-1: Swinging Strike
2-2: Ball
3-2: Fly out, F8 (Flyball, 8LM, EV 90.6 MPH)
Batting: SHB Jorge Rodríguez 0-0: Ball
1-0: Ground out 6-3 (Groundball, 6, EV 105.0 MPH)
Batting: RHB Lionardo Falder 0-0: Ball
1-0: Ball
2-0: Called Strike
2-1: Ball
3-1: Foul Ball, location: 2F
3-2: Foul Ball, location: 9LSF
3-2: Base on Balls
Pitching: RHP Devin Webster
Batting: LHB Dave Graham 0-0: Called Strike
0-1: Ball
1-1: Ball
2-1: Foul Ball, location: 5SF
2-2: Foul Ball, location: 2F
2-2: Strikes out swinging
Bottom of the 7th over - 0 runs, 0 hits, 0 errors, 1 left on base; Worcester 3 - Norfolk 0
TOP OF THE 8TH
Worcester Red Sox batting - Pitching for Norfolk Tides : RHP Jorge Arguelles
Pitching: RHP Cisco Gutiérrez
Batting: LHB Pete Holmes 0-0: Called Strike
0-1: Ground out U3 (Groundball, 3, EV 102.5 MPH)
Batting: LHB Bobby Dotson 0-0: Ball
1-0: Ball
2-0: Ball
3-0: Called Strike
3-1: Fly out, F7 (Line Drive, 78M, EV 101.9 MPH)
Batting: RHB Ánibal Rentería 0-0: Called Strike
0-1: Swinging Strike
0-2: Foul Ball, location: 5FF
0-2: Strikes out swinging
Top of the 8th over - 0 runs, 0 hits, 0 errors, 0 left on base; Worcester 3 - Norfolk 0
BOTTOM OF THE 8TH
Norfolk Tides batting - Pitching for Worcester Red Sox : RHP Devin Webster
Batting: RHB Víctor Vera 0-0: Ball
1-0: Foul Ball, location: 7LDF
1-1: Foul Ball, location: 25FF
1-2: Foul Ball, location: 23F
1-2: Ball
2-2: DOUBLE (Line Drive, 9LM, EV 88.8 MPH)
Pinch Hitting: LHB Jeff Hodge 0-0: Ball
1-0: Foul Ball, location: 5F
1-1: Ball
2-1: Foul Ball, location: 5SF
2-2: Foul Ball, location: 7LMF
2-2: Fly out, F8 (Flyball, 89M, EV 91.9 MPH)
Pinch Hitting: LHB Willie MacKey 0-0: Foul Ball, location: 23F
0-1: Ground out U3 (Groundball, 3, EV 85.0 MPH)
Víctor Vera to third
Batting: RHB Jerry Powell 0-0: Foul Ball, location: 2F
0-1: Fly out, F8 (Flyball, 89M, EV 97.5 MPH)
Bottom of the 8th over - 0 runs, 1 hit, 0 errors, 1 left on base; Worcester 3 - Norfolk 0
TOP OF THE 9TH
Worcester Red Sox batting - Pitching for Norfolk Tides : RHP Cisco Gutiérrez
Now at 2B: Jorge Féliz
Now in RF: Jeff Hodge
Batting: LHB Roger Lenoir 0-0: Ball
1-0: Foul Ball, location: 2F
1-1: Ball
2-1: Foul Ball, location: 7LSF
2-2: Strikes out swinging
Batting: SHB Tony Robles 0-0: Ground out U3 (Groundball, 34S, EV 90.0 MPH)
Batting: LHB Jim Unknown 0-0: Ball
1-0: Ball
2-0: Ball
3-0: Called Strike
3-1: Ground out 3-1 (Groundball, 34S, EV 85.0 MPH)
Top of the 9th over - 0 runs, 0 hits, 0 errors, 0 left on base; Worcester 3 - Norfolk 0
BOTTOM OF THE 9TH
Norfolk Tides batting - Pitching for Worcester Red Sox : RHP Devin Webster
Pitching: RHP Eddie Gunn
Batting: RHB Conor Corbet 0-0: Ball
1-0: Ball
2-0: Ball
3-0: Called Strike
3-1: Called Strike
3-2: Ground out 4-3 (Groundball, 4, EV 91.3 MPH)
Batting: LHB Cristo Guerrero 0-0: Ball
1-0: Called Strike
1-1: Swinging Strike
1-2: Ball
2-2: Foul Ball, location: 5F
2-2: Foul Ball, location: 2RF
2-2: Ball
3-2: Ground out U3 (Groundball, 3, EV 82.5 MPH)
Batting: SHB Jorge Rodríguez 0-0: Ball
1-0: Ball
2-0: Called Strike
2-1: SINGLE (Line Drive, 4MD, EV 108.8 MPH)
Batting: RHB Lionardo Falder 0-0: Called Strike
0-1: Ball
1-1: Called Strike
1-2: Ball
2-2: 2-RUN HOME RUN (Flyball, 7D, EV 101.3 MPH), Distance : 380 ft
Batting: LHB Dave Graham 0-0: Ball
1-0: Called Strike
1-1: Ball
2-1: Foul Ball, location: 25F
2-2: Strikes out swinging
Bottom of the 9th over - 2 runs, 2 hits, 0 errors, 0 left on base; Worcester 3 - Norfolk 2
Friday, May 3rd , 2024 - OOTP Baseball 24.10 Build 82